 Dungeon Crawl Stone Soup version 0.22-a0-422-g9628fc8 (webtiles) character file.

38 Mgcat the Digger (level 3, 0/26 HPs)
             Began as a Ghoul Earth Elementalist on May 20, 2018.
             Slain by a hobgoblin (2 damage)
             ... on level 2 of the Dungeon.
             The game lasted 00:02:51 (1314 turns).

Mgcat the Digger (Ghoul Earth Elementalist)         Turns: 1314, Time: 00:02:52

Health: 0/26       AC:  2    Str: 11    XL:     3   Next: 43%
Magic:  1/5        EV: 12    Int: 11    God:
Gold:   37         SH:  0    Dex:  9    Spells: 3/7 levels left

rFire    . . .     SeeInvis .   x - +1 dagger (venom)
rCold    + . .     Gourm    .   (no shield)
rNeg     + + +     Faith    .   c - +0 robe
rPois    ∞         Spirit   .   (no helmet)
rElec    .         Reflect  .   (no cloak)
rCorr    .         Harm     .   (no gloves)
MR       .....                  (no boots)
Stlth    ++........             (no amulet)
HPRegen  0.00/turn              (no ring)
MPRegen  0.09/turn              (no ring)

@: rotting
A: rotting body, claws 1, carnivore, cold resistance 1, negative energy
resistance 3, inhibited regeneration, torment resistance, unbreathing
a: no special abilities


You were on level 2 of the Dungeon.
You were not hungry.

You visited 1 branch of the dungeon, and saw 2 of its levels.

You collected 37 gold pieces.

Inventory:

Hand Weapons
 x - a +1 dagger of venom (weapon)
   (You took it off a kobold on level 1 of the Dungeon)
Missiles
 b - 31 stones (quivered)
Armour
 c - a +0 robe (worn)
Scrolls
 a - 2 scrolls of identify {unknown}
 l - a scroll of enchant armour {unknown}
 p - a scroll of fog {unknown}
Potions
 k - a potion of lignification {unknown}
 r - a potion of resistance {unknown}
 t - a potion of brilliance {unknown}
 u - a potion of curing {unknown}
Comestibles
 d - 3 rations
 f - a chunk of flesh {@w0}


   Skills:
 - Level 1.7 Dodging
 - Level 2.1 Stealth
 + Level 2.5 Spellcasting
 + Level 0.2 Conjurations
   Level 0.8 Transmutations
 + Level 4.1 Earth Magic


You had 3 spell levels left.
You knew the following spells:

 Your Spells              Type           Power        Failure   Level  Hunger
a - Sandblast             Erth           ##....       5%          1    ##.....
b - Stone Arrow           Conj/Erth      #.....       34%         3    ####...

Your spell library contained the following spells:

 Spells                   Type           Power        Failure   Level  Hunger
 Passwall                 Tmut/Erth      #.........   16%         2    ###....
 Lee's Rapid Deconstruct  Erth           ##........   82%         5    ######.
 Petrify                  Tmut/Erth      #.......     69%         4    #####..


Dungeon Overview and Level Annotations

Branches:
Dungeon (2/15)

Altars:


Innate Abilities, Weirdness & Mutations

Your body is rotting away.
You thrive on raw meat.
You are immune to poison.
You have sharp fingernails.
You are carnivorous and can eat meat at any time.
Your flesh is cold resistant. (rC+)
You are immune to negative energy. (rN+++)
You do not regenerate when monsters are visible.
You are immune to unholy pain and torment.
You can survive without breathing.


Message History

A hobgoblin comes into view.
The hobgoblin shouts!
A bat comes into view.
You see here a giant cockroach corpse.
There are monsters nearby!
You butcher the giant cockroach corpse.
An adder comes into view.
You see here a chunk of flesh {@w0}.
f - a chunk of flesh {@w0} A kobold comes into view.
It is wielding a dagger.
The bat hits you but does no damage. The bat closely misses you.
The adder hisses angrily.
You closely miss the bat. The bat closely misses you.
The bat barely misses you. The adder bites you. The adder closely misses you.
The bat hits you but does no damage. The bat hits you. The bat hits you.
The bat hits you but does no damage. The bat barely misses you.
The adder bites you. The bat hits you. The bat hits you but does no damage.
The bat hits you but does no damage.
Casting: Sandblast (safe; 5% risk of failure)
Confirm with . or Enter, or press ? or * to list all spells.
Aiming: Sandblast (safe; 5% risk of failure)
Press: ? - help, Shift-Dir - straight line, f - bat
Aim: a bat The blast of sand hits the bat.
You kill the bat!
b - 35 stones The adder bites you.
Casting: Sandblast (safe; 5% risk of failure)
Confirm with . or Enter, or press ? or * to list all spells.
Aiming: Sandblast (safe; 5% risk of failure)
Press: ? - help, Shift-Dir - straight line, f - adder
Aim: an adder The blast of sand hits the adder.
The adder is moderately wounded.
b - 34 stones The adder bites you.
* * * LOW HITPOINT WARNING * * *
Casting: Sandblast (safe; 5% risk of failure)
Confirm with . or Enter, or press ? or * to list all spells.
Aiming: Sandblast (safe; 5% risk of failure)
Press: ? - help, Shift-Dir - straight line, f/p - adder
Aim: an adder (moderately wounded)
The blast of sand hits the adder.
The adder is severely wounded.
b - 33 stones The adder closely misses you.
Casting: Sandblast (safe; 5% risk of failure)
Confirm with . or Enter, or press ? or * to list all spells.
Aiming: Sandblast (safe; 5% risk of failure)
Press: ? - help, Shift-Dir - straight line, f/p - adder
Aim: an adder (severely wounded)
The blast of sand misses the adder.
b - 32 stones The adder bites you.
* * * LOW HITPOINT WARNING * * *
The adder misses you.
Casting: Sandblast (safe; 5% risk of failure)
Confirm with . or Enter, or press ? or * to list all spells.
Aiming: Sandblast (safe; 5% risk of failure)
Press: ? - help, Shift-Dir - straight line, f/p - adder
Aim: an adder (severely wounded)
The blast of sand hits the adder.
The adder is almost dead.
b - 31 stones The adder misses you.
Casting: Sandblast (safe; 5% risk of failure)
Confirm with . or Enter, or press ? or * to list all spells.
You don't have enough magic to cast that spell.
Unknown command.
Casting: Sandblast (safe; 5% risk of failure)
Confirm with . or Enter, or press ? or * to list all spells.
You don't have enough magic to cast that spell.
Casting: Sandblast (safe; 5% risk of failure)
Confirm with . or Enter, or press ? or * to list all spells.
You don't have enough magic to cast that spell.
Casting: Sandblast (safe; 5% risk of failure)
Confirm with . or Enter, or press ? or * to list all spells.
You don't have enough magic to cast that spell.
Casting: Sandblast (safe; 5% risk of failure)
Confirm with . or Enter, or press ? or * to list all spells.
You don't have enough magic to cast that spell.
You barely miss the adder.
The adder is almost dead.
The adder closely misses you.
You barely miss the adder.
The adder is almost dead.
The adder bites you but does no damage.
You barely miss the adder.
The adder is almost dead.
The adder bites you but does no damage. The adder closely misses you.
You hit the adder.
You kill the adder!
You hit the hobgoblin but do no damage. The hobgoblin barely misses you.
You hit the hobgoblin.
The hobgoblin is poisoned.
The hobgoblin is severely wounded.
The hobgoblin hits you.
You die...

#. ###.....# #.# #.
###.#.# #.#...># #
#.#.# #......# #.#.#
#......# #.#.#
#.#..).# #.#.##
#.#....# #.#..##
#.#....#
#.##..###.#....# .##.
#@###...#.#....#
..... #g#
##.....<...# ##.#.
#.# #.......###
...$.###.####.......#
...................#
###............#####
#............#
##...........#
#..##########


You could see a hobgoblin.

Vanquished Creatures
  An adder (D:2)
  3 dart slugs (D:1)
  A giant cockroach (D:2)
  3 goblins (D:1)
  5 hobgoblins (D:1)
  3 kobolds (D:1)
  4 bats
  4 rats
24 creatures vanquished.

Notes
Turn   | Place    | Note
-------+----------+-------------------------------------------
     0 | D:1      | Mgcat the Ghoul Earth Elementalist began the quest for the Orb.
     0 | D:1      | Reached XP level 1. HP: 14/14 MP: 2/2
   206 | D:1      | Reached skill level 2 in Spellcasting
   293 | D:1      | Reached XP level 2. HP: 16/20 MP: 2/4
   956 | D:1      | Reached XP level 3. HP: 19/26 MP: 5/5
  1055 | D:1      | Reached skill level 4 in Earth Magic
  1252 | D:2      | Learned a level 3 spell: Stone Arrow
  1305 | D:2      | HP: 6/26 [adder (3)]
  1307 | D:2      | HP: 2/26 [adder (4)]
  1314 | D:2      | Slain by a hobgoblin

Vault maps used:
D:1:      scummos_arrival_gate
D:2:      lemuel_crystal_altar, elyvilon_altar_3, first_ration

Skill      XL: |  1  2  3 |
---------------+----------+-----
Spellcasting   | 2 |  2.5
Earth Magic    | 4 |  4.1
Dodging        | |  1.7
Stealth        | |  2.1
Conjurations   | |  0.2
Transmutations | |  0.8

Action                   || total
-------------------------++-------
Melee: Unarmed           ||    74
       Dagger            ||     9
 Cast: Sandblast         ||    15
 Stab: Sleeping          ||     3
  Eat: Chunk             ||     3
Armor: Robe              ||    12
Dodge: Dodged            ||    42

Table legend:
 A = Spawn XP
 B = Non-spawn XP
 C = Spawn XP percentage of total XP
 D = Spawn monster count
 E = Non-spawn monster count
 F = Spawn count percentage of total count
 G = Total turns spent on level
                    A         B        C        D         E        F      G
               +---------+---------+-------+---------+---------+-------+---------
         Total |       0 |      55 |   0.0 |       0 |      24 |   0.0 |  1314
               +---------+---------+-------+---------+---------+-------+---------
           D:1 |       0 |      38 |   0.0 |       0 |      20 |   0.0 |  1247
           D:2 |       0 |      17 |   0.0 |       0 |       4 |   0.0 |    67
               +---------+---------+-------+---------+---------+-------+---------

Vault maps used:
D:1:      scummos_arrival_gate
D:2:      lemuel_crystal_altar, elyvilon_altar_3, first_ration

Table legend:
 A = Turns spent in this place as a percentage of turns spent in the entire game.
 B = Non-inter-level travel turns spent in this place as a percentage of non-inter-level travel turns spent in the entire game.
 C = Inter-level travel turns spent in this place as a percentage of turns spent in this place.
 D = Turns resting spent in this place as a percentage of non-inter-level travel turns spent in this place.
 E = Turns spent auto-exploring this place as a percentage of non-inter-level travel turns spent in this place.
 F = Non-inter-level travel turns spent in this place divided by the number of levels of this place that you've seen.
                   A       B       C       D       E      F
               +-------+-------+-------+-------+-------+----------------------
         Total | 100.0 | 100.0 |   4.4 |   0.0 |  81.1 | 628.0
       Dungeon | 100.0 | 100.0 |   4.4 |   0.0 |  81.1 | 628.0
               +-------+-------+-------+-------+-------+----------------------

Table legend:
 A = Kills in this place as a percentage of kills in entire the game.
 B = Kills by you in this place as a percentage of kills by you in the entire game.
 C = Kills by friends in this place as a percentage of kills by friends in the entire game.
 D = Other kills in this place as a percentage of other kills in the entire game.
 E = Experience gained in this place as a percentage of experience gained in the entire game.
 F = Experience gained in this place divided by the number of levels of this place that you have seen.
                   A       B       C       D       E      F
               +-------+-------+-------+-------+-------+----------------------
         Total | 100.0 | 100.0 |   N/A |   N/A | 100.0 |  27.5
       Dungeon | 100.0 | 100.0 |   N/A |   N/A | 100.0 |  27.5
               +-------+-------+-------+-------+-------+----------------------
